Map: Deadwing LE

Players

Myran

  • Race: Protoss Protoss
  • Spawn Location: 7:00

Scaramanga

  • Race: Terran Terran
  • Spawn Location: 5:00

dallaskuken

  • Race: Protoss Protoss
  • League: Platinum
  • Spawn Location: 1:00

Loken

  • Race: Terran Terran
  • League: Platinum
  • Spawn Location: 11:00

VOD

Have the link to the VOD?

Description

Time

  • Played on: March 15, 2017, 8:53 p.m.
  • Length: 14:38
Show
View Real Time Build Order
Export as new Build Order

Myran Protoss 

Build Orders:  

Get SALT Encoding   

  12  0:01  Probe (Chrono Boost)  
  13  0:12  Probe (Chrono Boost)  
  14  0:20  Pylon  
  14  0:22  Probe (Chrono Boost)  
  15  0:43  Probe (Chrono Boost)  
  15  0:44  Gateway  
  16  0:54  Probe (Chrono Boost)  
  17  1:00  Pylon  
  17  1:04  Probe (Chrono Boost)  
  17  1:07  Assimilator  
  18  1:15  Probe (Chrono Boost)  
  20  1:25  Probe (Chrono Boost)  
  20  1:34  Cybernetics Core  
  20  1:35  Zealot  
  20  1:38  Probe (Chrono Boost)  
  23  1:45  Assimilator  
  23  1:49  Probe (Chrono Boost)  
  24  2:04  Zealot  
  24  2:08  Probe (Chrono Boost)  
  27  2:19  Nexus  
  27  2:26  Pylon  
  27  2:31  Warp Gate  
  27  2:32  Zealot  
  27  2:37  Probe (Chrono Boost)  
  30  2:48  Gateway  
  30  2:49  Gateway  
  30  2:58  Stalker  
  30  3:01  Probe (Chrono Boost)  
  34  3:13  Probe (Chrono Boost)  
  34  3:28  Stalker  
  33  3:36  Stalker x2  
  36  3:46  Probe (Chrono Boost)  
  37  3:55  Pylon  
  37  3:58  Stalker  
  39  4:15  Stalker x2  
  43  4:27  Forge  
  43  4:32  Probe (Chrono Boost)  
  44  4:40  Probe (Chrono Boost)  
  44  4:43  Probe (Chrono Boost)  
  46  4:50  Zealot  
  46  4:51  Probe (Chrono Boost)  
  49  4:53  Probe (Chrono Boost)  
  49  4:59  Stalker  
  52  5:00  Stalker  
  52  5:02  Probe (Chrono Boost)  
  52  5:04  Probe (Chrono Boost)  
  56  5:07  Photon Cannon  
  56  5:18  Stalker  
  58  5:24  Photon Cannon  
  58  5:31  Robotics Facility  
  58  5:34  Zealot  
  60  5:37  Stalker  
  62  5:52  Pylon  
  62  5:54  Pylon  
  62  6:00  Assimilator  
  62  6:09  Protoss Ground Weapons Level 1  
  62  6:10  Probe x2 (Chrono Boost)  
  64  6:20  Probe (Chrono Boost)  
  64  6:22  Observer  
  66  6:31  Twilight Council  
  66  6:32  Stalker  
  66  6:33  Stalker  
  66  6:35  Zealot  
  72  6:43  Immortal  
  71  7:24  Stalker x3  
  77  7:37  Pylon  
  77  7:40  Pylon  
  77  7:41  Probe (Chrono Boost)  
  78  7:44  Pylon  
  78  7:56  Probe x2 (Chrono Boost), Immortal  
  84  8:06  Probe (Chrono Boost)  
  84  8:11  Stalker x3  
  91  8:13  Photon Cannon  
  91  8:17  Photon Cannon  
  91  8:23  Photon Cannon  
  91  8:42  Stalker x2  
  91  8:43  Stalker  
  91  8:45  Immortal  
  101  8:50  Pylon  
  101  9:29  Stalker x3  
  105  9:44  Charge  
  105  9:48  Protoss Ground Armor Level 1  
  77  10:11  Stalker x3  
  83  10:19  Immortal  
  87  10:40  Zealot x3  
  93  11:25  Blink  
  85  11:34  Stalker x3  
  89  11:41  Immortal  
  81  11:49  Gateway  
  81  11:50  Gateway, Nexus  
  81  11:52  Gateway  
  67  12:13  Stalker x3  
  67  12:20  Immortal  
  53  12:49  Stalker x4  
  53  12:50  Stalker x2  
  65  12:59  Pylon  
  65  13:02  Pylon  
  65  13:04  Pylon  
  65  13:17  Probe (Chrono Boost)  
  65  13:19  Probe (Chrono Boost)  
  67  13:29  Probe x2 (Chrono Boost)  
  69  13:36  Immortal  
  69  13:40  Probe (Chrono Boost)  
  62  14:22  Probe (Chrono Boost)  
  63  14:25  Stalker  
  63  14:26  Stalker x3  
Show
View Real Time Build Order
Export as new Build Order

Scaramanga Terran 

Build Orders:  

Get SALT Encoding   

  12  0:01  SCV  
  13  0:13  SCV  
  14  0:18  Supply Depot  
  14  0:25  SCV  
  15  0:40  SCV  
  16  0:44  Barracks  
  16  0:51  Refinery  
  16  0:52  SCV  
  17  1:04  SCV  
  19  1:25  SCV  
  19  1:31  Marine  
  20  1:44  Orbital Command  
  20  1:48  Marine  
  21  2:06  Marine  
  22  2:12  SCV, Supply Depot  
  23  2:23  Command Center  
  23  2:31  Barracks Tech Lab  
  23  2:34  SCV  
  24  2:41  Supply Depot  
  24  2:46  SCV  
  25  2:55  Marauder, Concussive Shells  
  25  2:58  SCV  
  28  3:03  Barracks  
  28  3:10  SCV  
  29  3:16  Marauder  
  31  3:22  SCV  
  32  3:34  SCV  
  32  3:38  Orbital Command  
  33  3:46  Factory  
  33  3:48  Supply Depot  
  33  3:51  SCV, Refinery  
  33  3:53  Marauder, Supply Depot  
  33  3:55  Barracks Reactor  
  36  4:03  SCV  
  38  4:13  Orbital Command, Marine  
  38  4:15  SCV  
  39  4:20  Barracks  
  39  4:23  Barracks  
  39  4:27  SCV  
  40  4:39  SCV  
  40  4:40  Marauder  
  40  4:44  Marine  
  44  4:46  Starport  
  44  4:48  Factory Reactor  
  44  4:50  Marine  
  45  4:56  SCV x2  
  47  5:02  Marauder, Marine, Supply Depot  
  47  5:06  Engineering Bay  
  50  5:08  SCV x2  
  52  5:16  Refinery  
  52  5:18  Marine  
  52  5:19  Marine  
  52  5:20  SCV x2  
  56  5:22  Barracks Reactor, Barracks Tech Lab  
  56  5:23  Marauder  
  58  5:32  SCV x2  
  60  5:37  Factory Tech Lab  
  60  5:44  SCV x2  
  60  5:47  Supply Depot  
  62  5:53  Refinery  
  62  5:56  Marauder, SCV x2  
  62  5:57  Medivac  
  68  6:05  Combat Shields  
  68  6:08  SCV  
  68  6:09  SCV  
  70  6:12  Command Center  
  70  6:20  SCV  
  71  6:26  SCV  
  72  6:33  SCV  
  72  6:38  SCV  
  74  6:41  Siege Tank  
  74  6:44  Missile Turret, Medivac  
  74  6:45  SCV  
  80  6:55  Marauder x2, Marine x2  
  80  7:00  Marine x2  
  88  7:02  Sensor Tower, Supply Depot  
  88  7:06  Supply Depot x2  
  88  7:09  SCV x2  
  88  7:12  Marine  
  88  7:13  Marine, Medivac  
  94  7:19  Missile Turret  
  94  7:23  SCV, Marine x3, Medivac, Siege Tank  
  94  7:28  Marine  
  104  7:30  Marine  
  104  7:31  Marine  
  106  7:40  Missile Turret, SCV x2  
  106  7:41  Marine x3  
  106  7:43  Medivac  
  113  7:52  SCV x2  
  113  7:54  Orbital Command  
  113  7:55  Siege Tank  
  118  8:04  Marauder, Marine x4  
  118  8:05  Marine  
  125  8:13  Supply Depot  
  125  8:16  Refinery  
  125  8:18  Supply Depot  
  125  8:20  Missile Turret  
  125  8:22  Marine x2  
  127  8:27  Marine x4  
  131  8:39  Marine  
  131  8:40  Marine  
  133  8:45  Marine x4  
  137  8:57  Marine x2  
  137  9:01  SCV  
  137  9:02  SCV x2, Marine  
  142  9:03  Marauder  
  142  9:04  Marauder  
  136  9:14  SCV  
  137  9:17  Marine  
  137  9:18  Marine x2  
  140  9:25  Marauder  
  140  9:28  Factory  
  139  9:31  Barracks  
  139  9:32  Terran Infantry Weapons Level 1  
  139  9:33  Starport  
  133  9:39  Armory  
  126  9:54  Marauder x2, Marine x4  
  126  10:11  Marine  
  126  10:12  Marine  
  128  10:19  Refinery  
  128  10:34  Factory Tech Lab  
  128  10:36  Terran Ship Weapons Level 1  
  128  10:43  Starport Tech Lab  
  128  10:56  Marine  
  131  10:57  Marauder  
  131  10:58  Barracks Reactor  
  131  11:05  Command Center  
  131  11:14  Stimpack  
  131  11:18  Supply Depot  
  131  11:19  Supply Depot  
  131  11:22  Supply Depot  
  131  11:26  Terran Infantry Armor Level 1  
  126  11:41  Supply Depot  
  126  11:42  Supply Depot  
  124  11:47  Supply Depot  
  106  12:17  Marauder, Marine  
  106  12:18  Marine x5  
  106  12:19  Siege Tank  
  106  12:20  Siege Tank  
  106  12:22  Viking x2  
  123  12:23  Viking  
  127  12:31  Terran Vehicle And Ship Armor Level 1  
  127  12:32  Marauder  
  127  12:35  Marine x5  
  127  12:36  Marine  
  134  12:39  Marauder  
  136  12:44  Orbital Command  
  136  12:51  Siege Tank  
  136  12:52  Viking x3, Siege Tank  
  136  12:53  Marine x6  
  136  12:54  Marauder  
  156  13:00  Marauder  
  158  13:11  Marine x4  
  162  13:15  Marauder  
  162  13:19  Orbital Command  
  164  13:22  Marauder, Viking x3  
  164  13:24  Siege Tank x2  
  178  13:37  Marauder, Marine x4  
  178  13:38  Marine x2  
  186  13:43  Marauder  
  188  13:52  Viking x3  
  188  13:54  Refinery  
  194  13:56  Siege Tank x2  
Show
View Real Time Build Order
Export as new Build Order

dallaskuken Protoss 

Build Orders:  

Get SALT Encoding   

  12  0:01  Probe (Chrono Boost)  
  13  0:12  Probe (Chrono Boost)  
  14  0:19  Pylon  
  14  0:24  Probe (Chrono Boost)  
  15  0:39  Forge  
  15  0:45  Probe (Chrono Boost)  
  16  0:57  Pylon  
  16  1:05  Pylon  
  16  1:36  Photon Cannon  
  16  1:41  Assimilator  
  15  1:55  Probe (Chrono Boost)  
  16  2:02  Gateway  
  16  2:05  Probe (Chrono Boost)  
  17  2:33  Pylon  
  17  2:41  Assimilator  
  17  2:45  Assimilator  
  17  2:53  Zealot  
  17  2:57  Nexus  
  19  3:12  Gateway  
  19  3:15  Cybernetics Core  
  19  3:17  Photon Cannon  
  19  3:21  Photon Cannon  
  19  3:28  Probe (Chrono Boost)  
  20  3:38  Probe (Chrono Boost)  
  21  3:48  Warp Gate  
  21  3:49  Probe (Chrono Boost)  
  22  3:59  Probe (Chrono Boost)  
  23  4:10  Probe (Chrono Boost)  
  23  4:13  Stalker  
  26  4:19  Probe (Chrono Boost)  
  26  4:20  Probe (Chrono Boost)  
  28  4:30  Pylon, Probe (Chrono Boost)  
  30  4:31  Pylon  
  30  4:32  Probe (Chrono Boost)  
  30  4:40  Probe (Chrono Boost)  
  30  4:45  Robotics Facility  
  31  4:51  Probe (Chrono Boost)  
  32  4:55  Photon Cannon  
  32  4:57  Photon Cannon  
  32  5:01  Gateway, Probe (Chrono Boost)  
  33  5:12  Probe (Chrono Boost)  
  33  5:13  Pylon  
  35  5:22  Probe (Chrono Boost)  
  35  5:23  Probe (Chrono Boost)  
  36  5:33  Probe (Chrono Boost)  
  36  5:34  Probe (Chrono Boost)  
  36  5:35  Immortal  
  42  5:44  Probe (Chrono Boost)  
  42  5:46  Probe (Chrono Boost)  
  44  5:54  Probe (Chrono Boost)  
  45  5:58  Stalker x2  
  45  6:03  Assimilator  
  49  6:07  Assimilator  
  49  6:09  Probe (Chrono Boost)  
  50  6:19  Probe (Chrono Boost)  
  50  6:23  Stalker  
  50  6:24  Stalker x2, Robotics Bay  
  57  6:30  Probe (Chrono Boost)  
  57  6:31  Gateway  
  58  6:35  Observer  
  59  6:44  Protoss Ground Weapons Level 1  
  59  6:59  Immortal  
  63  7:30  Extended Thermal Lance  
  63  7:41  Pylon  
  63  7:42  Colossus  
  63  7:43  Pylon  
  63  7:46  Pylon  
  69  8:04  Sentry  
  69  8:05  Sentry  
  73  8:10  Probe (Chrono Boost), Nexus  
  74  8:18  Pylon  
  74  8:20  Pylon, Probe (Chrono Boost)  
  74  8:23  Pylon  
  75  8:28  Assimilator  
  75  8:29  Colossus  
  75  8:31  Probe (Chrono Boost)  
  75  8:33  Stalker x4, Assimilator  
  91  8:41  Probe (Chrono Boost)  
  91  8:44  Photon Cannon  
  91  8:46  Photon Cannon  
  90  8:48  Photon Cannon  
  90  8:52  Probe (Chrono Boost)  
  91  9:07  Stalker  
  91  9:08  Stalker x3  
  93  9:44  Pylon  
  93  9:47  Pylon  
  93  9:48  Pylon  
  93  9:54  Colossus  
  97  10:26  Pylon  
  97  10:28  Photon Cannon  
  97  10:41  Colossus  
  103  10:52  Nexus  
  103  11:06  Stalker x3  
  105  12:09  Colossus  
  105  12:38  Probe (Chrono Boost)  
  106  12:48  Probe (Chrono Boost)  
  107  12:54  Sentry  
  107  12:55  Sentry x2  
  113  12:59  Probe (Chrono Boost)  
  114  13:17  Pylon  
  114  13:19  Pylon  
  114  13:24  Assimilator  
  114  13:27  Assimilator  
  114  13:33  Robotics Facility  
  114  13:36  Robotics Facility  
  114  13:51  Pylon  
  114  13:53  Stalker x3, Pylon  
  120  14:11  Stargate  
  120  14:12  Stargate  
Show
View Real Time Build Order
Export as new Build Order

Loken Terran 

Build Orders:  

Get SALT Encoding   

  12  0:01  SCV  
  13  0:13  SCV  
  14  0:24  Supply Depot  
  14  0:25  SCV  
  15  0:45  SCV  
  15  0:49  Barracks  
  16  0:57  Refinery, SCV  
  17  1:10  SCV  
  18  1:22  SCV  
  19  1:31  Refinery  
  19  1:36  Orbital Command  
  19  1:43  Reaper  
  20  1:49  Barracks  
  20  2:01  SCV  
  21  2:13  SCV, Supply Depot  
  22  2:15  Reaper  
  23  2:32  Factory  
  23  2:35  SCV  
  24  2:39  Barracks Tech Lab  
  24  2:49  Reaper  
  25  2:56  SCV  
  26  3:04  Command Center  
  26  3:07  Barracks  
  26  3:08  SCV  
  27  3:57  Cyclone  
  27  4:01  Starport  
  28  4:30  Marauder, Marine  
  31  4:31  Marine  
  31  4:36  Factory Reactor  
  32  4:48  Marine  
  32  4:49  Marine, Starport Reactor  
  32  4:51  Marauder  
  36  5:00  Starport  
  36  5:01  SCV  
  37  5:09  Liberator x2  
  37  5:13  SCV  
  38  5:16  Barracks Tech Lab  
  38  5:22  Barracks Tech Lab  
  38  5:24  Marauder  
  46  5:33  Supply Depot  
  46  5:41  Engineering Bay  
  46  5:44  Starport Reactor  
  46  5:50  Supply Depot  
  46  5:55  Marauder, SCV  
  46  5:56  Supply Depot  
  49  6:07  SCV  
  50  6:11  Refinery  
  50  6:13  Refinery  
  50  6:15  SCV  
  50  6:16  Supply Depot  
  51  6:18  Supply Depot  
  51  6:19  SCV  
  52  6:26  Viking  
  52  6:28  Viking  
  52  6:31  SCV  
  57  6:36  SCV  
  57  6:39  Supply Depot  
  58  6:43  SCV  
  59  6:49  SCV  
  59  6:55  SCV  
  60  7:02  Supply Depot  
  60  7:07  SCV, Liberator  
  60  7:08  Liberator x3  
  58  7:19  SCV  
  68  7:32  Marauder x2  
  68  7:33  Marauder  
  68  7:36  Orbital Command  
  74  7:54  Marauder x3  
  80  8:09  SCV  
  80  8:10  SCV  
  82  8:22  SCV x2  
  82  8:24  Viking x4  
  92  8:39  Supply Depot  
  92  8:54  Viking x2  
  96  9:02  Supply Depot  
  96  9:26  Supply Depot  
  91  9:34  Liberator x4  
  71  9:50  Supply Depot  
  79  9:54  Marauder x3  
  76  10:14  Supply Depot  
  76  10:15  Marauder  
  76  10:16  Marauder x2  
  76  10:17  Liberator x3  
  82  10:23  Factory Tech Lab  
  82  10:33  Liberator  
  91  10:37  Marauder x3  
  100  10:58  Marauder x2  
  100  10:59  Marauder  
  106  11:16  Starport  
  106  11:24  Starport  
  60  11:46  Liberator  
  43  11:58  Marauder  
  43  11:59  Marauder  
  27  12:13  Liberator  
  16  12:20  Marauder x2, Orbital Command  
  19  12:37  Marine  
  19  12:41  Marauder, Marine  
  23  12:47  SCV  
  24  12:55  Marine  
  21  12:59  SCV, Marine  
  21  13:02  Marine  
  24  13:08  Command Center  
  24  13:11  SCV  
  25  13:13  Marine, Command Center  
  25  13:17  Marine  
  27  13:20  Marine  
  27  13:23  SCV  
  29  13:31  Marine  
  30  13:34  Marine  
  30  13:35  SCV  
  30  13:38  Marine  
  33  13:48  Marine  
  15  14:26  SCV  
Tags
 
Add a new tag
Caveats
  • Supply blocks, unpowered buildings, or Contaminate may cause inaccurate times.
  • Supply counts are checked every 10 seconds.